Cogmind - Beta 17 @@@ ROGUE MODE // 2026.08.22 @ 14:31:18 Player: 4R-ZE3 Result: Destroyed by S-10 Pest with Light Assault Rifle Performance ------------- Evolutions (0) 0 Regions Visited (2) 400 Robots Destroyed (20) 100 Value Destroyed (455) 455 Prototype IDs (0) 0 Alien Tech Used (0) 0 Bonus (0) 0 TOTAL SCORE: 955 Bonus ------- None Cogmind --------- Core Integrity 0/250 Matter 183/300 Energy 250/250 System Corruption 0% Temperature Cool (0) Movement Treading (320) Ox2 Location -10/Mines Parts ------- > --- POWER (1) -------- Ion Engine > --- PROPULSION (2) --- Light Treads > --- UTILITY (2) ------ Heat Sink High-capacity Storage Unit > --- WEAPON (2) ------- Assault Rifle Assault Rifle > --- INVENTORY (20) --- Ion Engine Wheel Compact Wheel Heat Sink Medium Laser Particle Gun Assault Rifle Grenade Launcher Hammer Peak State ------------ > --- POWER ------------ Ion Engine > --- PROPULSION ------- Light Treads Light Treads > --- UTILITY ---------- Heat Sink High-capacity Storage Unit > --- WEAPON ----------- Medium Laser Assault Rifle > --- INVENTORY -------- Light Treads Light Treads Wheel Compact Wheel Beam Cannon Assault Rifle Assault Rifle Assault Rifle Grenade Launcher Hammer [Rating: 8] Favorites ----------- Power Ion Engine Engine Ion Engine Propulsion Light Treads Treads Light Treads Utility Heat Sink Device Heat Sink Storage High-capacity Storage Unit Weapon Assault Rifle Energy Gun Medium Laser Energy Cannon Beam Cannon Ballistic Gun Assault Rifle Launcher Grenade Launcher Build | -11 -10 -10 ------- Run | Yrd Mat Min Slots Evolved . | . . . Power . | . . . Propulsion . | . . . Utility . | . . . Weapon . | . . . Parts Attached 18 | 6 6 6 Power 2 | 1 1 . Engine 2 | 1 1 . Core . | . . . Reactor . | . . . Propulsion 4 | 2 . 2 Treads 4 | 2 . 2 Leg . | . . . Wheel . | . . . Hover . | . . . Flight . | . . . Utility 5 | 1 3 1 Device 2 | . 1 1 Storage 3 | 1 2 . Processor . | . . . Hackware . | . . . Protection . | . . . Artifact . | . . . Weapon 7 | 2 2 3 Energy Gun 1 | 1 . . Energy Cannon 1 | . 1 . Ballistic Gun 4 | 1 1 2 Ballistic Cannon . | . . . Launcher 1 | . . 1 Special Weapon . | . . . Impact Weapon . | . . . Slashing Weapon . | . . . Piercing Weapon . | . . . Special Melee Weapon . | . . . Unidentified Prototypes . | . . . Parts Lost 5 | . . 5 Power . | . . . Propulsion 3 | . . 3 Utility . | . . . Weapon 2 | . . 2 Highest Loss Streak 4 | . . 4 To Critical Strikes . | . . . Average Backups 7 | 1 7 8 Power . | . . 1 Propulsion 3 | 1 3 2 Utility . | . . . Weapon 3 | . 3 5 Tool/Special . | . . . Unused Backups 8 | . 2 6 Power 1 | . . 1 Propulsion 2 | . . 2 Utility . | . . . Weapon 5 | . 2 3 Tool/Special . | . . . Average Slot Usage (%) 93 | . 92 96 Engine 14 | . 14 14 Treads 27 | . 28 27 Device 9 | . 6 14 Storage 14 | . 14 14 Energy Gun 8 | . 12 . Energy Cannon 2 | . 1 3 Ballistic Gun 15 | . 14 20 Peak Build Rating 8 | 6 8 8 Average Rating 6 | 4 6 7 On Entrance 4 | . 6 8 Avg Prop Armor Cover (%) . | . . . Naked Turns . | . . . Heaviest Build 51 | 13 51 51 Greatest Support 40 | 40 40 40 Greatest Overweight (x) 1 | . 1 1 Average Overweight (x) . | . . 1 Largest Inventory Capacity 20 | 8 20 20 Average Capacity 14 | 7 13 20 Most Carried 11 | 4 11 11 Average Carried 7 | 2 7 8 Final Capacity 20 | 8 20 20 Final Carried 11 | 4 11 9 Class Distribution -------------------- 100% | Mutant Dominant Class ---------------- Mutant | -10/Materials Mutant | -10/Mines Resources | -11 -10 -10 ----------- Run | Yrd Mat Min Matter Collected 555 | 247 175 133 Remotely . | . . . Salvage Created 654 | . 514 140 Parts 33 | . 26 7 Haulers Intercepted 2 | . 2 . Recyclers Shooed . | . . . Parts Field Recycled . | . . . Retrieved Matter . | . . . Parts Self-Destructed . | . . . Prevented . | . . . Parts Restored . | . . . Kills | -11 -10 -10 ------- Run | Yrd Mat Min Combat Hostiles Destroyed 31 | . 13 18 Guns 16 | . 11 5 Cannons 2 | . 1 1 AOE 12 | . . 12 Classes Destroyed 7 | . 4 3 Worker 1 | . 1 . Builder 1 | . . 1 Hauler 2 | . 2 . Swarmer 6 | . 6 . Grunt 9 | . 7 2 Demolisher 1 | . . 1 Assembled 15 | . . 15 Best Kill Streak 14 | . 4 14 Combat Bots Only 13 | . 3 13 Max Kills in Single Turn 4 | . 2 4 Gunslinging . | . . . Exploded 4 | . . 4 Melee . | . . . Uniques/NPCs Destroyed . | . . . Combat | -11 -10 -10 -------- Run | Yrd Mat Min Hostile Shots Fired 128 | . 77 51 Missed 28 | . 17 11 Hits 100 | . 60 40 Melee 5 | . . 5 Projectile 95 | . 60 35 AOE 6 | . . 6 Damage Taken 1319 | . 604 715 Core 255 | . 91 164 Absorbed by Shields . | . . . Core Remaining (%) 100 | 100 . . Volleys Fired 80 | . 52 28 Largest 2 | . 2 2 Hottest 80 | . 80 80 Shots Fired 148 | . 104 44 Gun 126 | . 95 31 Cannon 11 | . 9 2 Launcher 11 | . . 11 Special . | . . . Kinetic 83 | . 52 31 Thermal 54 | . 52 2 Explosive 11 | . . 11 Electromagnetic . | . . . Robot Hit Streak 14 | . 10 14 Robot Miss Streak 4 | . 4 4 Penetration Max . | . . . Secondary Targets 4 | . 2 2 Max Gunslinging Chain 1 | . 1 1 Shots Hit Robots 86 | . 60 26 Core Hits 67 | . 25 42 Critical Kills . | . . . Critical Parts Destroyed 1 | . 1 . Critical Strikes 3 | . 3 . Burn 2 | . 2 . Destroy 1 | . 1 . Melee Attacks . | . . . Impact . | . . . Slashing . | . . . Piercing . | . . . Sneak Attacks . | . . . Combat Hostiles . | . . . Follow-up Attacks . | . . . Damage Inflicted 1711 | . 787 924 Guns 973 | . 680 293 Cannons 143 | . 107 36 Explosions 595 | . . 595 Melee . | . . . Ramming . | . . . Kinetic 638 | . 345 293 Thermal 478 | . 442 36 Explosive 595 | . . 595 Electromagnetic . | . . . Impact . | . . . Slashing . | . . . Piercing . | . . . Highest Corruption . | . . . Average Corruption . | . . . Corruption Purged . | . . . Corruption Blocked . | . . . Overload Shots . | . . . Overflow Damage 1 | . . 1 Projectiles . | . . . Explosions 1 | . . 1 Melee . | . . . Knockbacks . | . . . Impact . | . . . Kinetic . | . . . Secondary . | . . . Self-Inflicted Damage 12 | . . 12 Shots 1 | . . 1 Rammed . | . . . Targets Rammed . | . . . Kicked . | . . . Crushed . | . . . Highest Temperature 140 | . 140 . Average Temperature 51 | . 51 . Received Heat Transfer 234 | . 177 57 Siege Activations . | . . . Martial Activations . | . . . Shielding Activations . | . . . Robots Disrupted . | . . . Combat Hostiles . | . . . Robots Corrupted . | . . . Combat Hostiles . | . . . Parts Fried . | . . . Impact Corruptions . | . . . Robots Melted 1 | . 1 . Combat Hostiles 1 | . 1 . Parts Melted 2 | . 2 . Heat Transferred 1406 | . 1332 74 Parts Sabotaged . | . . . Parts Stolen . | . . . Parts Stripped . | . . . Power Chain Reactions . | . . . Alert | -11 -10 -10 ------- Run | Yrd Mat Min Maximum Alert Level . | . . . Low Security (%) 100 | 100 100 100 Level 1 . | . . . Level 2 . | . . . Level 3 . | . . . Level 4 . | . . . Level 5 . | . . . High Security . | . . . Max Security . | . . . Peak Influence 173 | . 173 55 Initial 55 | . . 55 Average 74 | . 108 20 Influence Increases 486 | . 389 97 Destroy 0b10 Robot/C 320 | . 260 60 Destroy 0b10 Robot/NC 20 | . 15 5 Destroy Leader 54 | . 44 10 Successful Hack 10 | . 10 . Destroy Structure 22 | . . 22 Lose Combat Pursuer 60 | . 60 . Influence Decreases 486 | . 246 240 Entered New Map 88 | . . 88 Time Decay 358 | . 246 112 Lost Part 40 | . . 40 Squads Dispatched 1 | . 1 . Investigation 1 | . 1 . Extermination . | . . . Reinforcement . | . . . Assault . | . . . Garrison . | . . . Intercept . | . . . Searches Triggered . | . . . Construction Impeded . | . . . Haulers Reinforced . | . . . Active Scanning Responses . | . . . Cargo Convoy Interrupts . | . . . Stealth | -11 -10 -10 --------- Run | Yrd Mat Min Distress Signals 3 | . 3 . Communications Jammed . | . . . Distress Signals . | . . . Times Spotted 47 | . 24 23 Peak Tracking Total 6 | . 5 6 Tactical Retreats 2 | . 2 . Traps | -11 -10 -10 ------- Run | Yrd Mat Min Traps Triggered 1 | . 1 . Indirectly . | . . . Trap Hack Attempts . | . . . Triggered . | . . . Disarmed . | . . . Reprogrammed . | . . . Reused . | . . . Traps Extracted . | . . . Installed . | . . . Triggered . | . . . Machines | -11 -10 -10 ---------- Run | Yrd Mat Min Machines Disabled . | . . . Max in Single Turn . | . . . Machines Repaired . | . . . Machines Dismantled . | . . . Machines Sabotaged . | . . . Overloaded Fab Kills . | . . . Hacking | -11 -10 -10 --------- Run | Yrd Mat Min Machines Accessed 5 | . 5 . Terminals 5 | . 5 . Fabricators . | . . . Repair Stations . | . . . Recycling Units . | . . . Scanalyzers . | . . . Garrison Access . | . . . Total Hacks 14 | . 14 . Successful 5 | . 5 . Failed 9 | . 9 . Catastrophic 2 | . 2 . Database Lockouts . | . . . Manual 14 | . 14 . Terminals 14 | . 14 . Fabricators . | . . . Repair Stations . | . . . Recycling Units . | . . . Scanalyzers . | . . . Garrison Access . | . . . Terminal Hacks 3 | . 3 . Robot Analysis 3 | . 3 . Fabricator Hacks . | . . . Repair Station Hacks . | . . . Recycling Unit Hacks . | . . . Scanalyzer . | . . . Garrison Access Hacks . | . . . Unauthorized Hacks 2 | . 2 . Terminals 2 | . 2 . Botnet 2 | . 2 . Fabricators . | . . . Repair Stations . | . . . Recycling Units . | . . . Scanalyzers . | . . . Garrison Access . | . . . Data Cores Recovered . | . . . Used . | . . . Hacking Detections 5 | . 5 . Full Trace Events 1 | . 1 . Feedback Events . | . . . Feedback Blocked . | . . . Robot Schematics Acquired . | . . . Robots Built . | . . . Authchips . | . . . Time . | . . . Total Robot Build Rating . | . . . Part Schematics Acquired . | . . . Parts Built . | . . . Authchips . | . . . Time . | . . . Total Part Build Rating . | . . . Part Studies Acquired . | . . . Parts Repaired . | . . . Time . | . . . Parts Recycled . | . . . Recycled Matter . | . . . Retrieved Matter . | . . . Retrieved Components . | . . . Parts Scanalyzed . | . . . Part Schematics Acquired . | . . . Parts Damaged . | . . . Bothacking | -11 -10 -10 ------------ Run | Yrd Mat Min Used RIF Installer . | . . . Robots Hacked . | . . . Non-combat . | . . . Combat . | . . . Robot Hacks Applied . | . . . Relay Couplers Released . | . . . Fabnet Peak Effective % . | . . . Robots Rewired . | . . . Allies Hacked . | . . . Hacks Repelled . | . . . Allies | -11 -10 -10 -------- Run | Yrd Mat Min Total Allies . | . . . Largest Group . | . . . Highest-Rated Group . | . . . Highest-Rated Ally . | . . . Total Orders . | . . . Ally Attacks . | . . . Total Damage . | . . . Kills . | . . . Allies Corrupted . | . . . Allies Melted . | . . . Intel | -11 -10 -10 ------- Run | Yrd Mat Min Active Infowar (turns) . | . . . Robot Analysis Total 3 | . 3 . Derelict Logs Recovered 1 | . . 1 Drone Launches . | . . . Drone Recoveries . | . . . Exploration | -11 -10 -10 ------------- Run | Yrd Mat Min Turns Passed 1008 | 91 636 281 Spaces Moved 360 | 52 225 83 Core 4 | 4 . . Treads 356 | 48 225 83 Legs . | . . . Wheels . | . . . Hover . | . . . Flight . | . . . Fastest Speed 50 | 50 160 240 Average Speed 197 | 151 193 240 Slowest Speed 240 | 160 240 240 Overloaded Moves . | . . . Propulsion Burnouts . | . . . Robots Hopped . | . . . Potential Cave-ins . | . . . Cave-ins Triggered . | . . . Exploration Rate (%) 25 | 4 46 26 Regions Visited 2 Branch Regions 1 Pre-discovered Areas . | . . . Known Exits Taken . | . . . Unknown Exits Taken 2 | 1 1 . Scrap Searched 1 | . . 1 Spaces Dug . | . . . Terrain Destroyed 54 | . . 54 Melee . | . . . Projectile . | . . . AOE 54 | . . 54 Terrain Rammed . | . . . Walls Destroyed . | . . . Machines Disabled . | . . . Actions | -11 -10 -10 --------- Run | Yrd Mat Min Total 512 | 61 331 120 Wait 35 | . 33 2 Move 358 | 51 224 83 Hop . | . . . Pick Up 15 | 4 10 1 Fast Attach 9 | 6 3 . Attach 4 | . . 4 Detach . | . . . Swap 5 | . 3 2 Drop 6 | . 6 . Fire 80 | . 52 28 Melee . | . . . Ram . | . . . Kick . | . . . Crush . | . . . Escape Stasis . | . . . Rewire . | . . . Trap . | . . . Miscellaneous . | . . . Route ------- -11/Scrapyard -10/Materials (discovered 2 exits: [*Mat] / [*Min]) -10/Mines (discovered 2 exits: [*Mat x2]) History --------- Turn | Location | Event 8 | -11/Scrapyard | Discovered new exit (range 15) 92 | -11/Scrapyard | Entered Materials 238 | -10/Materials | Discovered new exit (range 6) 302 | -10/Materials | Build established: Mutant 532 | -10/Materials | Discovered new exit (range 15) 728 | -10/Materials | Entered Mines 746 | -10/Mines | Assembled infested the area 748 | -10/Mines | Met a Derelict bent on vengeance 748 | -10/Mines | Learned location of 1 exit from Materials 777 | -10/Mines | Core integrity fell below 50% 815 | -10/Mines | Core integrity fell below 20% 822 | -10/Mines | Lost 4 parts (2n2w) 835 | -10/Mines | Destroyed 13 combat bots 963 | -10/Mines | Discovered new exit (range 6) 996 | -10/Mines | Discovered new exit (range 7) 1009 | -10/Mines | Destroyed by S-10 Pest with Light Assault Rifle Last Messages --------------- 00902_ K-01 Serf collects debris. 00905_ as-74134 sneak attacks. 00905_ K-01 Serf destroyed. 00908_ as-74134 destroyed. 00908_ Switching to secondary target: as-43151. 00917_ as-43151 destroyed. 00920_ Acquired 10 matter. 00928_ K-01 Serf collects debris. 00946_ R-06 Scavenger collects Lgt. Ion Engine. 00948_ R-06 Scavenger collects Tractor Beam. 00951_ R-06 Scavenger collects Wheel. 00951_ R-06 Scavenger collects Aluminum Leg. 00953_ Searching scrap... 00953_ Found 60 Matter. 00953_ Found Lrg. Battery. 00953_ Found Hcp. Matter Pod. 00953_ Found 37 Matter. 00954_ Acquired 37 matter. 00963_ EXIT=FOUND 01005_ Lgt. Treads destroyed. Map ----- +----------------------------------------------------+ | | | | | | | | | | | | | | | | | | | | | | | | | | | | | ????????????????????????????????????????????? | | ?????????????????????######?????????????????? | | ????????????????????? ?????????????????? | | ?????????????????????? ""?????????????????? | | ?????????????????????? ""?????????????????? | | ??????????????????????? ""?????????????????? | | ??????????????????????? ?????????????????? | | ????????????##########?# #?????????????????? | | ????????????# #?# #????""???????????? | | ??????####### """ #?# ### """ """???????? | | ??????# """ #?# sss #????? | | ??????# ! """ ### @### #????? | | ??????# !#### #???????? #????? | | ??????#% #??# < k #?????????????????? | | ??? ??# #??# #### #?????????????????? | | ??? ??# #??# #??# #?????????????????? | | ??# #?# #??# #??#t ?????????????????? | | ?? ## #??# #?? ????????????????? | | ??# ## #??# #?? < ???????????????? | | ??# ## #??##########?? ??????????????? | | ??# ## #?????????????? #?????????????? | | ??# ## #?????????????? # ?#?????????????? | | ??# ## #??????????????##? ??????????????? | | ??# ## #????????????????? ??????????????? | | ### ## #????????????????? ###?????????????? | | # ## #??????????????????#???????????????? | | ## #??????????????????????????????????? | | # # # #??????????????????????????????????? | | #^ #%%#####??????????????????????????????? | | # ==!= ##?????????????????????????????? | | ##^ =%= #?????????????????????????????? | | =*[ #?????????????????????????????? | | ##% #?????????????????????????????? | | #! #?????????????????????????????? | | % ##?????????????????????????????? | | #??????????????????????????????? | +----------------------------------------------------+ Best States ------------- Heat Dissipation 35 Energy Generation 10 Energy Capacity 250 Matter Stores 300 Matter Capacity 300 Sight Range 16 Terrain Scan Density 10 Evasion (%) 40 Recoil Reduction 2 Item Schematics ----------------- None Robot Schematics ------------------ None Fabricated ------------ Nothing Repaired ---------- Nothing Studied --------- None Alien Tech Used ----------------- None Achievements -------------- None Challenges ------------ None Game ------ Seed SurgeSalvagingProtection Manual? 0 Play Time 00:08:33 Cumulative 295.3 hours Start 2026.08.22 @ 14:24:33 End 2026.08.22 @ 14:31:18 Sessions 1 Manual Loads 0 Difficulty Rogue Special Mode None Game No. 277 Rogue 223 Adventurer 54 Explorer 0 Win Type - Total 12 Types 8/0/1/1/0/0/0/1/0/1 Lore% 77 Gallery% 66 Achievement% 61 Wizard Run 0 Options --------- Layout 1 ASCII 0 Keyboard 0 Movement Mouse Keybinds 1 Fullscreen 2 Font 32/Tamsyn Map View 50x35 Zoom Use 0% Tactical HUD 1 Map Filters NONE Filters NONE Steam 1 RUN: 2a6ce89d-92ca-450e-a05d-fd5aaa3331c5